 Dungeon Crawl Stone Soup version 0.22-a0-877-g5c4e1afb51 (console) character file.

25 Lexodia the Skirmisher (level 3, 0/60 HPs)
             Began as an Ogre Berserker on July 29, 2018.
             Was a Follower of Trog.
             Succumbed to an adder's poison
             ... on level 2 of the Dungeon.
             The game lasted 00:01:36 (923 turns).

Lexodia the Skirmisher (Ogre Berserker)              Turns: 923, Time: 00:01:36

Health: 0/60       AC:  5    Str: 27    XL:     3   Next: 4%
Magic:  3/3        EV: 10    Int:  8    God:    Trog [*.....]
Gold:   62         SH:  0    Dex:  8    Spells: 2/2 levels left

rFire    . . .     SeeInvis .   a - +0 mace
rCold    . . .     Gourm    .   (no shield)
rNeg     . . .     Faith    .   b - +0 animal skin
rPois    .         Spirit   .   (helmet restricted)
rElec    .         Reflect  .   l - +1 cloak
rCorr    .         Harm     .   (gloves unavailable)
MR       .....                  (boots unavailable)
Stlth    ..........             (no amulet)
HPRegen  0.20/turn              (no ring)
MPRegen  0.08/turn              (no ring)

@: berserking (expiring), lethally poisoned (0 -> -10), very quick
A: large, unfitting armour, tough skin 1
a: Berserk, Renounce Religion


You were on level 2 of the Dungeon.
You worshipped Trog.
Trog was aware of your devotion.
You were hungry.

You visited 1 branch of the dungeon, and saw 2 of its levels.

You collected 62 gold pieces.

Inventory:

Hand Weapons
 a - a +0 mace (weapon)
Armour
 b - a +0 animal skin (worn)
 l - a +1 cloak (worn)
Scrolls
 d - a scroll of magic mapping {unknown}
 e - 2 scrolls of identify {unknown}
 f - 2 scrolls of fog {unknown}
 k - a scroll of amnesia {unknown}
Potions
 g - 3 potions of flight {unknown}
 h - a potion of heal wounds {unknown}
 i - a potion of curing {unknown}
Comestibles
 c - 2 rations


   Skills:
 + Level 4.5 Fighting
 + Level 2.9 Maces & Flails
 + Level 3.2 Dodging


You had 2 spell levels left.
You didn't know any spells.
Your spell library was empty.

Dungeon Overview and Level Annotations

Branches:
Dungeon (2/15)

Altars:


Innate Abilities, Weirdness & Mutations

You are too large for most types of armour.
You have tough skin. (AC +1)


Message History

You barely miss the adder.
The adder is almost dead.
* * * LOW HITPOINT WARNING * * *
You feel sick. The bat barely misses you. The adder closely misses you.
Huge Dmg: -2%(-1hp) hp: 5%(2hp)
You closely miss the adder.
The adder is almost dead.
* * * LOW HITPOINT WARNING * * *
You feel sick. The bat hits you but does no damage.
The adder closely misses you.
Huge Dmg: -2%(-1hp) hp: 3%(1hp)
You hit the adder.
You kill the adder!
Trog accepts your kill.
You have reached level 3!
Your experience leads to an increase in your attributes!
Your base attributes are Str 20, Int 8, Dex 8.
Increase (S)trength, (I)ntelligence, or (D)exterity?
You feel stronger. x2
You die...

###### ...... ############
..... #..........#
....##### #..........#
#.....####..........##
#........#............
..####........(@b..<.......
.........#....#............
.........#....#<..#+#...#..
.........#....#...# .###
.........#....#...... #
#........#....#.#.#.##
#........#....#...#.#
.........####.##### #
.......... ..


You could see a bat.

Vanquished Creatures
  An adder (D:2)
  A worm (D:2)
  2 giant cockroaches (D:1)
  2 hobgoblins (D:1)
  3 kobolds
  2 bats (D:1)
  2 frilled lizards (D:1)
  A rat (D:1)
14 creatures vanquished.

Notes
Turn   | Place    | Note
-------+----------+-------------------------------------------
     0 | D:1      | Lexodia the Ogre Berserker began the quest for the Orb.
     0 | D:1      | Reached XP level 1. HP: 24/24 MP: 1/1
   311 | D:1      | Reached XP level 2. HP: 33/33 MP: 2/2
   679 | D:2      | Huge Dmg: 10 dmg
   681 | D:2      | Huge Dmg: 5 dmg
   683 | D:2      | Huge Dmg: 8 dmg
   906 | D:2      | Huge Dmg: 8 dmg
   916 | D:2      | Huge Dmg: 4 dmg
   917 | D:2      | Huge Dmg: 6 dmg
   921 | D:2      | Huge Dmg: 1 dmg
   921 | D:2      | HP: 2/49 [poisoned by an adder]
   922 | D:2      | Huge Dmg: 1 dmg
   923 | D:2      | Huge Dmg: 1 dmg
   923 | D:2      | Reached XP level 3. HP: 1/40 MP: 3/3
   923 | D:2      | Succumbed to an adder's poison

Vault maps used:
D:1:      lemuel_arrival_tunnels

Skill      XL: |  1  2 |
---------------+-------+-----
Dodging        | 3 |  3.2
Fighting       | |  4.5
Maces & Flails | |  2.9

Action                   || total
-------------------------++-------
Melee: Mace              ||    67
Invok: Berserk           ||     1
Armor: Animal skin       ||    34
Dodge: Dodged            ||    59

Table legend:
 A = Spawn XP
 B = Non-spawn XP
 C = Spawn XP percentage of total XP
 D = Spawn monster count
 E = Non-spawn monster count
 F = Spawn count percentage of total count
 G = Total turns spent on level
                    A         B        C        D         E        F      G
               +---------+---------+-------+---------+---------+-------+---------
         Total |       0 |      36 |   0.0 |       0 |      14 |   0.0 |   923
               +---------+---------+-------+---------+---------+-------+---------
           D:1 |       0 |      16 |   0.0 |       0 |      11 |   0.0 |   655
           D:2 |       0 |      20 |   0.0 |       0 |       3 |   0.0 |   268
               +---------+---------+-------+---------+---------+-------+---------
